 Dungeon Crawl Stone Soup version 0.25-a0-294-gea9b1ad378 (webtiles) character file.

Game seed: 2888529008066934553, levelgen mode: deterministic

3721 Gargoyl the Chopper (level 9, -10/75 HPs)
             Began as a Centaur Abyssal Knight on Dec 19, 2019.
             Was a Priest of Lugonu.
             Collided with a ynoxinul (12 damage)
             ... caused by a rakshasa (illusionary)
             ... on level 1 of the Abyss.
             The game lasted 00:14:24 (6690 turns).

Gargoyl the Chopper (Centaur Abyssal Knight)        Turns: 6690, Time: 00:14:25

Health: -10/75     AC: 14    Str: 12    XL:     9   Next: 92%
Magic:  13/13      EV:  8    Int: 11    God:    Lugonu [***...]
Gold:   195        SH:  0    Dex: 11    Spells: 8/8 levels left

rFire    . . .     SeeInvis .   s - +7 hand axe (chaos)
rCold    + . .     Gourm    .   (no shield)
rNeg     . . .     Faith    .   g - +3 scale mail {rC+}
rPois    +         Spirit   .   i - +0 helmet
rElec    .         Reflect  .   k - scarf {repulsion}
rCorr    +         Harm     .   h - +2 pair of gloves
MR       .....                  (no barding)
Stlth    ..........             o - amulet of regeneration
HPRegen  0.62/turn              j - ring of poison resistance
MPRegen  0.13/turn              B - ring of resist corrosion

@: about to teleport, repel missiles, very quick
A: large, hooves 3, deformed body, speed 2, poison resistance, tough skin 3,
weak 2
a: Depart the Abyss, Bend Space, Banish, Renounce Religion


You were on level 1 of the Abyss.
You worshipped Lugonu.
Lugonu was most pleased with you.
You were near starving.

You visited 1 branch of the dungeon, and saw 8 of its levels.
You visited the Abyss 2 times.
You also visited: Ossuary.

You collected 277 gold pieces.
You spent 82 gold pieces at shops.

Inventory:

Hand Weapons
 a - a +1 hand axe
 s - a +7 hand axe of chaos (weapon)
Missiles
 b - 8 boomerangs (quivered)
Armour
 d - a +2 cloak
 g - a +3 scale mail of cold resistance (worn)
 h - a +2 pair of gloves (worn)
 i - a +0 helmet (worn)
 k - a scarf of repulsion (worn)
Jewellery
 j - a ring of poison resistance (left hand)
 o - an amulet of regeneration (around neck)
 B - a ring of resist corrosion (right hand)
Wands
 q - a wand of polymorph (6)
 C - a wand of acid (8)
 F - a wand of flame (12)
Scrolls
 f - a scroll of identify
 m - 3 scrolls of fear
 t - 2 scrolls of blinking
 u - 3 scrolls of teleportation
 y - 2 scrolls of magic mapping
 A - 2 scrolls of remove curse
Potions
 e - a potion of agility
 l - 2 potions of resistance
 n - a potion of curing
 p - 4 potions of heal wounds {unknown}
 r - a potion of brilliance {unknown}
 v - 3 potions of lignification {unknown}
 w - 2 potions of magic {unknown}
 x - 2 potions of might {unknown}
 z - 2 potions of degeneration {unknown}
 E - 4 potions of haste {unknown}
Comestibles
 c - 18 rations


   Skills:
 + Level 5.9 Fighting
 + Level 7.8 Axes
 * Level 5.4 Armour
 * Level 4.1 Dodging
 * Level 6.4 Invocations


You had 8 spell levels left.
You didn't know any spells.
Your spell library contained the following spells:

 Spells                   Type           Power        Failure   Level  Hunger
 Sandblast                Erth           #.....       85%         1    ##.....
 Regeneration             Chrm/Necr      #.........   99%         3    ####...
 Borgnjor's Vile Clutch   Necr/Erth      #.........   100%        5    ######.
 Excruciating Wounds      Chrm/Necr      #.........   100%        5    ######.
 Deflect Missiles         Chrm/Air       #.........   100%        6    #######


Dungeon Overview and Level Annotations

Branches:
Dungeon (8/15)             Temple (0/1) D:4         Ossuary (visited)
   Lair: D:8-11

Altars:
Dithmenos
Elyvilon
Fedhas
Sif Muna
Xom
Yredelemnul
Beogh

Shops:
D:4 [=??[


Innate Abilities, Weirdness & Mutations

You have hooves in place of feet.
Armour fits poorly on your strangely shaped body.
You cover ground very quickly.
You have extremely tough skin. (AC +3)
Your system is resistant to poisons. (rPois)
You are very weak. (Str -4)


Message History

* * * LOW HITPOINT WARNING * * *
You are knocked back by the lance of force.
Unknown command.
As you read the scroll of teleportation, it crumbles to dust.
You feel strangely unstable.
You feel the power of the Abyss delaying your translocation!
The rakshasa blinks!
The rakshasa closely misses you.
Found a ring mail.
The ynoxinul bellows!
Found 28 arrows.
You barely miss the ynoxinul. You slash the ynoxinul! You burn the ynoxinul.
You kick the ynoxinul.
The ynoxinul is heavily wounded.
The ynoxinul closely misses you.
The rakshasa blinks!
The rakshasa gestures at you. The lance of force hits you!!
* * * LOW HITPOINT WARNING * * *
You are knocked back by the lance of force.
You collide with the ynoxinul!
You die...

.. ... .. #[#
##.## #.#
...###...###.(.
..#.....#..
.........
#.....# . .
#§3§# .# #.
##@## .## ...
##...## ...
....#.§R..#.....
................
....#.....#_....
..R###.R.###...#
#.# ##.## #.##
.. ... ..# .....


R You could see 3 rakshasas and a ynoxinul.

Vanquished Creatures
  A two-headed ogre (D:8)
  Joseph (D:7)
  Maurice (D:8)
  A hippogriff (D:7)
  A spriggan (D:7)
  An ice beast (D:6)
  A sky beast (D:6)
  The ghost of astraldaughter the Sneak, an amateur GnWn (D:3)
  A centaur (D:5)
  3 ogres
  3 bullfrogs
  2 scorpions
  A howler monkey (D:6)
  2 crimson imps
  A bullfrog zombie (D:8)
  A centaur zombie (Ossuary)
  2 human zombies (Ossuary)
  3 hounds (D:4)
  3 centaur skeletons
  A jelly (D:7)
  2 orc priests
  5 orc wizards
  3 iguanas
  2 bullfrog skeletons
  2 worker ants (D:4)
  2 big kobold zombies (Ossuary)
  A hound skeleton (D:8)
  2 mummies (Ossuary)
  A worker ant zombie (D:8)
  11 adders
  3 gnolls (D:3)
  2 oozes (D:3)
  2 adder zombies (Ossuary)
  3 worms
  3 dart slugs
  3 leopard geckos
  31 orcs
  6 bats
  9 giant cockroaches
  6 goblins
  6 hobgoblins
  6 jackals
  5 quokkas
  3 ball pythons
  3 frilled lizards
  6 hobgoblin zombies (Ossuary)
  A jackal zombie (Ossuary)
  7 kobolds
  12 kobold zombies (Ossuary)
  A leopard gecko skeleton (D:7)
  8 orc zombies (Ossuary)
  A quokka skeleton (D:6)
  13 rats
  2 rat zombies (Ossuary)
204 creatures vanquished.

Notes
Turn   | Place    | Note
-------+----------+-------------------------------------------
     0 | Abyss:1  | Gargoyl the Centaur Abyssal Knight began the quest for the
                  | Orb.
     0 | Abyss:1  | Reached XP level 1. HP: 19/19 MP: 2/2
    96 | Abyss:2  | Noticed a raiju
    97 | Abyss:2  | Noticed a worldbinder
    99 | D:1      | Escaped the Abyss
   299 | D:1      | Reached XP level 2. HP: 24/26 MP: 3/3
   302 | D:1      | Reached * piety under Lugonu
   867 | D:2      | Reached skill level 2 in Axes
   869 | D:2      | Reached skill level 1 in Dodging
   914 | D:2      | Reached XP level 3. HP: 31/31 MP: 4/4
  1189 | D:2      | Found a blossoming altar of Fedhas.
  1192 | D:2      | Found a shimmering blue altar of Sif Muna.
  1714 | D:2      | Reached XP level 4. HP: 31/40 MP: 5/5
  1928 | D:3      | Reached ** piety under Lugonu
  2161 | D:3      | Reached XP level 5. HP: 46/46 MP: 5/7
  2234 | D:3      | Reached skill level 3 in Axes
  2481 | D:3      | Found a basalt altar of Yredelemnul.
  2517 | D:3      | Found a runed translucent gate.
  2517 | D:3      | Found a runed translucent gate.
  2517 | D:3      | Found a runed translucent gate.
  2521 | D:3      | Noticed astraldaughter's ghost (amateur GnWn)
  2525 | D:3      | Found a roughly hewn altar of Beogh.
  2562 | D:3      | Killed astraldaughter's ghost
  2562 | D:3      | Reached XP level 6. HP: 36/52 MP: 8/8
  2822 | D:4      | Found Wageejoz's Antique Armour Boutique.
  2864 | D:4      | Reached *** piety under Lugonu
  2888 | D:4      | Found Gumpaviw's Magic Scroll Shop.
  2905 | D:4      | Bought a scroll of enchant armour for 82 gold pieces
  2915 | D:4      | Found Pebefar's Magic Scroll Boutique.
  2921 | D:4      | Found a staircase to the Ecumenical Temple.
  3057 | D:4      | Reached XP level 7. HP: 57/59 MP: 9/9
  3129 | D:4      | Found Summiom's Antique Armour Emporium.
  3176 | D:4      | Reached skill level 4 in Axes
  3179 | D:4      | Found Ligh's Jewellery Shoppe.
  3305 | D:5      | Entered Level 5 of the Dungeon
  3314 | D:5      | Gained mutation: You are weak. (Str -2) [potion of
                  | mutation]
  3314 | D:5      | Gained mutation: You are very weak. (Str -4) [potion of
                  | mutation]
  3314 | D:5      | Gained mutation: Your system is resistant to poisons.
                  | (rPois) [potion of mutation]
  3387 | D:5      | Found a sand-covered staircase.
  3394 | Ossuary  | Entered an ossuary
  3499 | Ossuary  | Reached **** piety under Lugonu
  3688 | D:5      | You fall into a shaft and drop 2 floors!
  3693 | D:7      | Noticed a spriggan baker
  3700 | D:7      | Killed a spriggan baker
  3700 | D:7      | Reached skill level 5 in Axes
  3700 | D:7      | Reached XP level 8. HP: 60/67 MP: 11/11
  3720 | D:7      | Noticed a hippogriff
  3731 | D:7      | Killed a hippogriff
  3869 | D:6      | Reached skill level 5 in Fighting
  4171 | D:6      | Reached skill level 6 in Axes
  4196 | D:5      | Reached skill level 5 in Invocations
  4425 | D:5      | Identified Sif Muna's Handbook of the Rocks and Good Luck
  5007 | D:6      | Reached XP level 9. HP: 71/74 MP: 11/13
  5808 | D:7      | Noticed Joseph
  5837 | D:7      | Killed Joseph
  6162 | D:8      | Found a white marble altar of Elyvilon.
  6167 | D:8      | Reached skill level 7 in Axes
  6182 | D:8      | Noticed Maurice
  6240 | D:8      | Killed Maurice
  6240 | D:8      | Reached skill level 5 in Armour
  6269 | D:8      | Noticed a two-headed ogre
  6278 | D:8      | Killed a two-headed ogre
  6356 | D:8      | Reached ***** piety under Lugonu
  6384 | D:8      | Found a shadowy altar of Dithmenos.
  6422 | D:8      | Found a shimmering altar of Xom.
  6580 | D:8      | Paralysed by a hornet for 2 turns
  6594 | Abyss:1  | Noticed a lich
  6616 | Abyss:1  | Found a corrupted altar of Lugonu.
  6664 | Abyss:1  | Noticed a rakshasa
  6690 | Abyss:1  | HP: 2/75 [rakshasa (illusionary)/lance of force (22)]
  6690 | Abyss:1  | Collided with a ynoxinul

Levels and vault maps discovered:
D:1:      saegor_arrival_simple_e, layout_loops_ring, corner_web_ring
D:2:      layout_loops_corners, minitemple, minmay_misc_feat_encased
D:3:      layout_rooms, nicolae_overflow_hidden_temple,
          biasface_ghost_orc_armoury
D:4:      layout_basic, minmay_temple_entry_wispy, serial_shops, shop,
          nicolae_shop_behind_doors, shop, nicolae_shop_behind_doors, shop
D:5:      layout_basic, enter_ossuary_3, first_ration
D:6:      layout_loops_ring
D:7:      layout_layer_cave, enter_bailey_2, the_bakery, uniq_joseph
D:8:      layout_loops_cross, elyvilon_altar_4, lemuel_round_altar, basic_altar,
          special_room [special_room_orc], minivault_19, uniq_maurice
Abyss:1:  evilmike_abyss_exit_17, base:
D:7

Skill      XL: |  1  2  3  4  5  6  7  8  9 |
---------------+----------------------------+-----
Axes           | 2 3 5 6 7 |  7.8
Dodging        | 1 2 3 4 |  4.1
Armour         | 2 3 4 5 |  5.4
Fighting       | 4 5 |  5.9
Invocations    | 3 4 5 6 |  6.4

Action                   |  1- 3 |  4- 6 |  7- 9 || total
-------------------------+-------+-------+-------++-------
Melee: Hand axe          |    94 |   187 |   371 ||   652
       Kick              |    14 |    33 |    77 ||   124
       Unarmed           |       |       |     8 ||     8
Invok: Depart the Abyss  |     1 |       |       ||     1
       Enter the Abyss   |       |       |     1 ||     1
  Use: Scroll            |     7 |     5 |    16 ||    28
       Potion            |       |       |     2 ||     2
  Eat: Chunk             |     1 |     4 |     9 ||    14
Armor: Scale mail        |    67 |   127 |   232 ||   426
       Leather armour    |     2 |       |       ||     2
       Skin              |       |       |     2 ||     2
Dodge: Dodged            |    39 |    84 |   124 ||   247
       Deflected         |       |       |     6 ||     6

Table legend:
 A = Non-vault XP
 B = Vault XP
 C = Vault XP percentage of total XP
 D = Non-vault monster count
 E = Vault monster count
 F = Vault count percentage of total count
                 A         B        C        D         E       F
            +---------+---------+-------+---------+---------+-------
      Total |    3806 |    1510 |  28.4 |     156 |      48 |  23.5
            +---------+---------+-------+---------+---------+-------
        D:1 |      22 |       0 |   0.0 |      13 |       0 |   0.0
        D:2 |     105 |       0 |   0.0 |      24 |       0 |   0.0
        D:3 |     149 |     139 |  48.3 |      30 |       7 |  18.9
        D:4 |     432 |       0 |   0.0 |      16 |       0 |   0.0
        D:5 |     628 |       0 |   0.0 |      27 |       0 |   0.0
        D:6 |     664 |       0 |   0.0 |      19 |       0 |   0.0
        D:7 |     505 |     680 |  57.4 |      17 |       2 |  10.5
        D:8 |    1301 |     433 |  25.0 |      10 |       1 |   9.1
    Ossuary |       0 |     258 | 100.0 |       0 |      38 | 100.0
            +---------+---------+-------+---------+---------+-------
